 Dungeon Crawl Stone Soup version 0.28.0 (webtiles) character file.

Game seed: 6087486701457355856

234 Sanktem7 the Covered (level 5, -1/48 HPs)
             Began as a Minotaur Fighter on Feb 12, 2022.
             Slain by Pikel (5 damage)
             ... on level 4 of the Dungeon.
             The game lasted 00:03:43 (1767 turns).

Sanktem7 the Covered (Minotaur Fighter)             Turns: 1767, Time: 00:03:44

Health: -1/48      AC:  8    Str: 23    XL:     5   Next: 75%
Magic:  4/4        EV:  9    Int:  5    God:
Gold:   73         SH:  4    Dex:  9    Spells: 4/4 levels left

rFire   . . .      SeeInvis .   a - +0 war axe
rCold   . . .      Faith    .   c - +0 buckler
rNeg    . . .      Spirit   .   b - +0 scale mail
rPois   .          Reflect  .   (helmet restricted)
rElec   .          Harm     .   (no cloak)
rCorr   .          Rampage  .   (no gloves)
Will    .....                   e - +0 pair of boots
Stlth   ..........              (no amulet)
HPRegen 0.16/turn               (no ring)
MPRegen 0.09/turn               (no ring)

@: lethally poisoned (-1 -> -7)
A: horns 2, retaliatory headbutt
a: no special abilities


You were on level 4 of the Dungeon.
You visited 1 branch of the dungeon, and saw 5 of its levels.

You collected 73 gold pieces.

Inventory:

Hand Weapons
 a - a +0 war axe (weapon)
Armour
 b - a +0 scale mail (worn)
 c - a +0 buckler (worn)
 e - a +0 pair of boots (worn)
Jewellery
 j - a ring of positive energy
Scrolls
 h - a scroll of amnesia {unknown}
 k - a scroll of identify {unknown}
Potions
 d - a potion of might
 f - a potion of brilliance {unknown}
 g - a potion of attraction {unknown}
 i - a potion of ambrosia {unknown}


   Skills:
 * Level 5.0 Fighting
 * Level 5.2 Axes
 * Level 5.3 Armour
 + Level 0.2 Dodging
 - Level 3.6 Shields


You had 4 spell levels left.
You didn't know any spells.
Your spell library contained the following spells:

 Spells                   Type           Power      Damage    Failure   Level
 Sublimation of Blood     Necr           0%         N/A       94%         2
 Petrify                  Tmut/Erth      0%         N/A       100%        4
 Irradiate                Conj/Tmut      0%         3d13      100%        5


Dungeon Overview and Level Annotations

Branches:
Dungeon (5/15)
 Temple: D:4-7

Altars:
Elyvilon

Shops:
D:3 ??=

Annotations:
D:4 Pikel


Innate Abilities, Weirdness & Mutations

You have a pair of horns on your head.
You reflexively headbutt those who attack you in melee.


Message History

You kill the kobold!
You hit the lemure but do no damage. You block the lemure's attack.
Found a tapered fluorescent wand.
The adder bites you but does no damage. You block the adder's attack.
You see here a +0 whip.
You slash the adder! Your headbutt misses the adder.
The adder is almost dead.
You barely miss the lemure. The adder barely misses you. The lemure hits you.
* * * LOW HITPOINT WARNING * * *
The adder barely misses you.
You closely miss the adder.
The adder is almost dead.
You closely miss the lemure. The lemure hits you but does no damage.
The adder barely misses you.
You miss the adder.
The adder is almost dead.
You completely miss Pikel. You hit the lemure. The adder closely misses you.
The lemure completely misses you. You furiously retaliate!
You headbutt the lemure, but do no damage.
You block Pikel's attack. The adder bites you.
* * * LOW HITPOINT WARNING * * *
You are poisoned.
The adder poisons you! You block the lemure's attack.
You closely miss the adder.
The adder is almost dead.
You barely miss the lemure. You completely miss Pikel.
You feel sick. The adder bites you but does no damage.
You block Pikel's attack. The lemure hits you but does no damage.
The adder bites you.
* * * LOW HITPOINT WARNING * * *
You are lethally poisoned!
The adder poisons you!
You closely miss the adder. Your headbutt misses the adder.
The adder is almost dead.
You closely miss the lemure. You slash Pikel!
* * * LOW HITPOINT WARNING * * *
You feel very sick. Pikel barely misses you.
The adder bites you but does no damage. The lemure closely misses you.
Pikel hits you with a +1 whip of flaming.
You die...

#### #.. # #+# #.# .#
########K###.##+#.#
/...$.?@5555>.....#
###...##S###......##.
#.. #.# #......... #.
#.# #......##. # #.#
#.....## #.# #.....+
#.# #.....# #.#
#.....# #.....#


You could see Pikel, 4 lemures and an adder.

Vanquished Creatures
  A necrophage (D:3)
  A jelly (D:4)
  3 adders
  An adder skeleton (D:4)
  4 worms
  4 dart slugs
  A bat (D:1)
  7 endoplasms
  3 giant cockroaches
  6 hobgoblins
  4 jackals (D:3)
  15 kobolds
  4 quokkas
  5 ball pythons
  2 frilled lizards
  6 goblins
  5 rats
72 creatures vanquished.

Notes
Turn   | Place    | Note
-------+----------+-------------------------------------------
     0 | D:1      | Sanktem7 the Minotaur Fighter began the quest for the Orb.
     0 | D:1      | Reached XP level 1. HP: 19/19 MP: 0/0
   137 | D:1      | Reached XP level 2. HP: 26/27 MP: 1/1
   387 | D:1      | Reached XP level 3. HP: 24/33 MP: 2/2
   650 | D:2      | Found a faded altar of an unknown god.
  1107 | D:2      | Found a white marble altar of Elyvilon.
  1306 | D:2      | Reached XP level 4. HP: 41/41 MP: 3/3
  1523 | D:3      | Found Liuzun's Magic Scroll Emporium.
  1689 | D:3      | Reached skill level 5 in Armour
  1709 | D:3      | Found Qam Tan's Magic Scroll Boutique.
  1716 | D:3      | Found Jela's Jewellery Shop.
  1724 | D:3      | Noticed a necrophage
  1735 | D:3      | Killed a necrophage
  1736 | D:3      | Reached XP level 5. HP: 38/47 MP: 4/4
  1739 | D:3      | You fall into a shaft and drop 2 floors!
  1739 | D:5      | Entered Level 5 of the Dungeon
  1748 | D:4      | Noticed Pikel
  1748 | D:4      | Noticed a lemure
  1748 | D:4      | Noticed a lemure
  1748 | D:4      | Noticed a lemure
  1749 | D:4      | Noticed a lemure
  1759 | D:4      | Reached skill level 5 in Fighting
  1759 | D:4      | Reached skill level 5 in Axes
  1767 | D:4      | Slain by Pikel

Illustrated notes

Levels and vault maps discovered:
D:1:      minmay_arrival_solitary_statue, layout_rooms
D:2:      layout_loops_ring, basic_altar, chequers_ecumenical_altar_simple_redux
D:3:      layout_rooms, gup_sewer_entry_bubbles, serial_shops, shop, shop, shop,
          nicolae_diamond_shop
D:4:      layout_basic, uniq_pikel
D:5:      layout_basic, temple_pool_b

Skill      XL: |  1  2  3  4  5 |
---------------+----------------+-----
Fighting       | 4 5 |  5.0
Armour         | 4 5 |  5.3
Axes           | 3 4 5 |  5.2
Dodging        | |  0.2
Shields        | |  3.6

Action                   |  1- 3 |  4- 6 || total
-------------------------+-------+-------++-------
Melee: War axe           |    92 |    58 ||   150
       Headbutt          |     7 |     3 ||    10
Armor: Scale mail        |    36 |    43 ||    79
Dodge: Dodged            |    40 |    41 ||    81
Block: Buckler           |    25 |    27 ||    52
